 Dungeon Crawl Stone Soup version 0.28-a0-1234-g826d19b2e0 (webtiles) character file.

Game seed: 7739888783164836867

243700 Turgor the Alchemist (level 18, -10/85 HPs)
             Began as a Felid Summoner on Dec 21, 2021.
             Was the Champion of Lugonu.
             Shot with an arrow by a centaur warrior (17 damage)
             ... on level 3 of the Vaults on Dec 23, 2021.
             The game lasted 11:27:44 (57341 turns).

Turgor the Alchemist (Felid Summoner)              Turns: 57341, Time: 11:27:45

Health: -10/85     AC: 17    Str: 13    XL:     18   Next: 71%
Magic:  11/39      EV: 34    Int: 23    God:    Lugonu [******]
Gold:   511        SH:  0    Dex: 25    Spells: 6/49 levels left
                                        Lives:  0   Deaths: 5

rFire   . . .      SeeInvis +     - Unarmed
rCold   + + .      Faith    .   (shield unavailable)
rNeg    . . .      Spirit   .   (armour unavailable)
rPois   ∞          Reflect  .   (helmet unavailable)
rElec   +          Harm     .   (cloak unavailable)
rCorr   .          Rampage  .   (gloves unavailable)
Will    ++...                   (boots unavailable)
Stlth   +++.......              f - amulet of magic regeneration
HPRegen 0.24/turn               m - ring of Foniemah {Contam Fly rPois rC++ Str+9}
MPRegen 0.66/turn               P - ring "Reratt" {Wiz Dex+6}

@: storm-form, blinkbolt cooldown, flying
A: cleaving, flying, very small, (claws 1), (fangs 3), see invisible, (speed 1),
(shaggy fur 3), (stealthy paws), no weapons or thrown items, no armour,
multi-lived
}: 2/15 runes: decaying, serpentine
a: Blinkbolt, End Transformation, Renounce Religion, Depart the Abyss, Bend
Space, Banish, Corrupt, Enter the Abyss


You were on level 3 of the Vaults.
You worshipped Lugonu.
Lugonu was exalted by your worship.
You were a lightning-filled tempest!
You visited 6 branches of the dungeon, and saw 34 of its levels.
You visited 1 bazaar.
You also visited: Ossuary, Gauntlet and Ice Cave.

You collected 3879 gold pieces.
You spent 3368 gold pieces at shops.

Inventory:

Jewellery
 f - an amulet of magic regeneration (around neck)
 m - the ring of Foniemah (left paw) {Contam Fly rPois rC++ Str+9}
   (You acquired it on level 2 of the Orcish Mines)

   [ring of flight]

   Str:       It affects your strength (+9).
   rC:        It greatly protects you from cold.
   rPois:     It protects you from poison.
   Fly:       It grants you flight.
   Contam:    It causes magical contamination when unequipped.
 r - a ring of protection from fire
 s - a +6 ring of strength
 x - a ring of wizardry
 y - a +6 ring of intelligence
 I - a ring of resist corrosion
 N - a ring of willpower
 P - the ring "Reratt" (right paw) {Wiz Dex+6}
   (You found it in a Gauntlet)

   [ring of wizardry]

   It improves your spell success rate.
   Dex:       It affects your dexterity (+6).
Wands
 c - a wand of charming (8)
 h - a wand of iceblast (36)
 j - a wand of mindburst (13)
 D - a wand of acid (11)
 G - a wand of polymorph (5)
 M - a wand of flame (60)
 R - a wand of paralysis (1)
 V - a wand of digging (9)
Scrolls
 b - 2 scrolls of holy word
 d - 3 scrolls of vulnerability
 i - 6 scrolls of teleportation
 k - 4 scrolls of fog
 l - 6 scrolls of magic mapping
 t - a scroll of fear
 v - 2 scrolls of torment
 w - 3 scrolls of blinking
 A - 4 scrolls of immolation
 C - 3 scrolls of amnesia
 J - a scroll of summoning
 Q - a scroll of enchant weapon
 S - 2 scrolls of silence
Potions
 a - 4 potions of heal wounds
 e - 5 potions of lignification
 g - 3 potions of brilliance
 n - 8 potions of mutation
 o - 7 potions of haste
 p - 4 potions of invisibility
 q - 12 potions of curing
 z - 6 potions of cancellation
 B - a potion of resistance
 H - 3 potions of magic
 K - 7 potions of ambrosia
 L - 6 potions of attraction
 O - 3 potions of might
 X - 3 potions of berserk rage
Miscellaneous
 u - a lightning rod (4/4)
 E - a piece from Xom's chessboard (15/15)
 F - a tin of tremorstones (2/2)
 U - a condenser vane (inert)
 W - a phantom mirror


   Skills:
 + Level 12.7 Fighting
 + Level 9.6 Dodging
 - Level 4.0 Stealth
 + Level 7.0 Unarmed Combat
 + Level 16.0 Spellcasting
 - Level 16.0 Hexes
 - Level 13.0 Summonings
 * Level 14.9 Translocations
 * Level 16.4 Transmutations
 * Level 14.5 Air Magic
 - Level 10.0 Earth Magic
 - Level 8.0 Invocations
 - Level 3.0 Evocations


You had 6 spell levels left.
You knew the following spells:

 Your Spells              Type           Power      Damage    Failure   Level
a - Yara's Violent Unrav  Hex/Tmut       37%        3d15      1%          5
b - Statue Form           Tmut/Erth      45%        N/A       1%          6
c - Summon Cactus Giant   Summ           33%        N/A       1%          6
e - Summon Lightning Spi  Summ/Air       69%        N/A       1%          4
f - Summon Mana Viper     Hex/Summ       71%        N/A       1%          5
m - Summon Small Mammal   Summ           100%       N/A       0%          1
p - Apportation           Tloc           100%       N/A       0%          1
s - Storm Form            Tmut/Air       37%        N/A       1%          7
x - Summon Guardian Gole  Hex/Summ       71%        N/A       0%          3
z - Manifold Assault      Tloc           72%        N/A       1%          5

Your spell library contained the following spells:

 Spells                   Type           Power      Damage    Failure   Level
 Blink                    Tloc           100%       N/A       0%          2
 Call Imp                 Summ           67%        N/A       0%          2
 Passwall                 Tmut/Erth      56%        N/A       0%          2
 Lesser Beckoning         Tloc           72%        N/A       0%          3
 Swiftness                Air            71%        N/A       0%          3
 Tukima's Dance           Hex            75%        N/A       0%          3
 Magic Dart               Conj           72%        1d6       1%          1
 Pain                     Necr           72%        1d7       1%          1
 Sandblast                Erth           100%       2d20      1%          1
 Sting                    Tmut/Pois      100%       1d8       1%          1
 Ensorcelled Hibernation  Hex/Ice        100%       N/A       1%          2
 Static Discharge         Conj/Air       51%        N/A       1%          2
 Call Canine Familiar     Summ           67%        N/A       1%          3
 Dazzling Flash           Conj/Hex       100%       N/A       1%          3
 Ignite Poison            Fire/Tmut/Pois 43%        N/A       1%          3
 Mephitic Cloud           Conj/Pois/Air  40%        N/A       1%          3
 Spider Form              Tmut/Pois      54%        N/A       1%          3
 Stone Arrow              Conj/Erth      82%        3d12      1%          3
 Ice Form                 Ice/Tmut       54%        N/A       1%          4
 Iskenderun's Mystic Bla  Conj/Tloc      52%        2d11      1%          4
 Leda's Liquefaction      Hex/Erth       33%        N/A       1%          4
 Passage of Golubria      Tloc           72%        N/A       1%          4
 Petrify                  Tmut/Erth      68%        N/A       1%          4
 Summon Ice Beast         Ice/Summ       48%        N/A       1%          4
 Alistair's Intoxication  Tmut/Pois      36%        N/A       1%          5
 Irradiate                Conj/Tmut      27%        3d22      1%          5
 Lee's Rapid Deconstruct  Erth           29%        3d16*     1%          5
 Frozen Ramparts          Ice            36%        1d5       3%          3
 Freezing Cloud           Conj/Ice/Air   20%        6-21      4%          5
 Conjure Ball Lightning   Conj/Air       25%        3x3d7     10%         6
 Dispel Undead            Necr           18%        3d11      12%         4
 Hailstorm                Conj/Ice       18%        3d6       12%         4
 Olgreb's Toxic Radiance  Pois           18%        N/A       12%         4
 Sticky Flame             Conj/Fire      18%        2d4       12%         4
 Agony                    Necr           18%        N/A       32%         5
 Fireball                 Conj/Fire      9%         3d6       32%         5
 Iskenderun's Battlesphe  Conj           18%        2d7       32%         5
 Simulacrum               Ice/Necr       9%         N/A       86%         6
 Starburst                Conj/Fire      9%         6d5       86%         6
 Malign Gateway           Summ/Tloc      35%        N/A       3%          7
 Summon Hydra             Summ           33%        N/A       4%          7
 Maxwell's Capacitive Co  Air            35%        ∞         21%         8
 Summon Horrible Things   Summ           33%        N/A       34%         8
 Haunt                    Necr/Summ      24%        N/A       54%         7
 Necromutation            Tmut/Necr      27%        N/A       93%         8
 Orb of Destruction       Conj           9%         9d4       100%        7
 Ozocubu's Refrigeration  Ice            9%         4d6       100%        7
 Ignition                 Fire           9%         3d5       100%        8
 Chain Lightning          Conj/Air       25%        3d34      100%        9
 Fire Storm               Conj/Fire      9%         8d2       100%        9
 Polar Vortex             Ice            9%         N/A       100%        9
 Shatter                  Erth           29%        3d24*     100%        9
 Portal Projectile        Hex/Tloc       Unusable   N/A       N/A         3
 Excruciating Wounds      Necr           Unusable   N/A       N/A         5

Dungeon Overview and Level Annotations

Branches:
Dungeon (15/15)            Temple (0/1) D:7            Lair (6/6) D:11
  Swamp (4/4) Lair:2        Snake (4/4) Lair:4        Slime (0/5) Lair:6
    Orc (2/2) D:11            Elf (0/3) Orc:2        Vaults (3/5) D:14
  Crypt (0/3) Vaults:3     Depths (0/4) D:15        Ossuary (visited)
  IceCv (visited)         Gauntlet (visited)

Altars:
Ashenzari
Cheibriados
Elyvilon
Fedhas
Kikubaaqudgha
Makhleb
Qazlal
Ru
Sif Muna
Trog
Yredelemnul
Zin
The Shining One
Beogh
Jiyva
Lugonu

Shops:
D:5 =   D:6 [   D:8 ?   D:9 :   Orc:1 !   Orc:2 ?(?:   Snake:1 (   Snake:2 *
Snake:3 ?   Snake:4 !=   Vaults:2 [

Portals:
Pandemonium: Orc:2

Annotations:
D:12 2 transporters
Snake:2 3 runed translucent doors, Turgor's ghost, journeyman FeSu; wilfster70's ghost, adept DjCj
Vaults:2 Mennas


Innate Abilities, Weirdness & Mutations

You are a lightning-filled tempest!
Your electrical attacks strike out in all directions at once.
You are incredibly evasive.
You are flying.
You are immune to poison.
((You have sharp claws.))
((You have razor-sharp teeth.))
You have supernaturally acute eyesight. (SInv)
((You cover ground quickly. (Speed+)))
((Your thick and shaggy fur keeps you warm. (AC +3, rC+)))
((Your paws help you pounce on unaware monsters.))
You are incapable of wielding weapons or throwing items.
You cannot wear armour.
You gain extra lives every three experience levels.


Message History

The yaktaur captain unwields a +0 arbalest.
The yaktaur captain hits you!
There is an open door, spattered with blood here.
Items here: $ ) ? [ †.
You blast the yaktaur captain!!!
You kill the yaktaur captain!
Lugonu accepts your kill.
The yaktaur wields a +0 arbalest.
The yaktaur shoots a bolt.
The bolt completely misses you.
The yaktaur unwields a +0 arbalest.
The yaktaur misses you.
Things that are here:
a +0 arbalest; 21 bolts; 20 gold pieces You hit the yaktaur but do no damage.
The yaktaur completely misses you.
You blast the yaktaur!!!
The yaktaur is severely wounded.
You hear a trumpeting!
You hear a shout!
The yaktaur hits you.
You batter the yaktaur!! Lightning courses through the yaktaur!
You kill the yaktaur!
Lugonu accepts your kill.
The yaktaur wields a +0 arbalest.
The yaktaur shoots a bolt.
The bolt hits you!
* * * LOW HITPOINT WARNING * * *
Aiming: Blinkbolt
Press: ? - help, Dir - move target, f - yaktaur
Aim: a yaktaur, wielding a +0 arbalest and quivering bolts (98% to hit)
The shock of your passage hits the yaktaur!
The yaktaur is moderately wounded.
You blink.
The yaktaur unwields a +0 arbalest.
The yaktaur completely misses you.
You buffet the yaktaur!
The yaktaur is heavily wounded.
The yaktaur closely misses you.
You batter the yaktaur!!
You kill the yaktaur!
Lugonu accepts your kill.
The centaur warrior shoots an arrow.
The arrow hits you!
* * * LOW HITPOINT WARNING * * *
A dire elephant comes into view.
The centaur warrior shoots an arrow.
The arrow hits you!
You die...

#......# ###'# ******* *******
#......# ##... *,,,,,* *,,,,,*
#......# ##....
***,**###**,***###'#''####.....
*,,,.c.,,,* #.......##..##'#
***,**#c#**,***#......[#...#...
*,,,,,#.#,,,,,*#.......'...#...
******#)########.......#)..#...
#)c.))))v).......##..####
##****#Y########.......###.....
*(.,,,#.#,,,,,*######### ##....
**#o###c###.#** ##...


#cc.cTc..T# ###' **#c#######.#** ##... *cp,,,* *,,,,,* ##...# ##***** *******
##....# ##.....# You could see a dire elephant and a centaur warrior.

Vanquished Creatures
  Mara (Swamp:3)
  Frederick (Vaults:2)
  Nikola (Vaults:1)
  Jory (Vaults:2)
  An Ice Fiend (IceCv)
  A lich (Vaults:1)
  2 sphinxes
  Kirke (Lair:4)
  3 nagarajas (Snake:4)
  A frost giant (Vaults:3)
  Aizul (Swamp:1)
  2 orc warlords
  11 vault wardens
  14 ironbound preservers
  5 ironbound thunderhulks
  8 very ugly things
  A war gargoyle (Vaults:3)
  Nessos (D:14)
  3 eleionomae
  3 dire elephants (Vaults:1)
  2 great orbs of eyes (Vaults:3)
  A hydra (Swamp:4)
  A boulder beetle (Vaults:2)
  2 spriggan air magi
  3 vault guards (Vaults:2)
  7 yaktaur captains
  A peacekeeper (Vaults:1)
  An anaconda (shapeshifter) (Vaults:1)
  2 anacondas
  2 ghost crabs
  7 naga warriors
  A salamander tyrant (Snake:2)
  A catoblepas (Lair:6)
  6 ironbound frosthearts
  A two-headed ogre (shapeshifter) (Vaults:1)
  5 centaur warriors
  3 alligators
  A naga sharpshooter (Snake:1)
  5 death yaks
  An orc high priest (Orc:2)
  7 shock serpents
  Sonja (D:10)
  2 spriggans (Swamp:1)
  6 skeletal warriors
  A storm dragon skeleton (Vaults:3)
  A salamander mystic (Snake:4)
  43 deep trolls
  A goliath frog (Swamp:3)
  2 spriggan druids
  3 swamp dragons
  A phantasmal warrior (Vaults:3)
  3 bog bodies
  3 glowing orange brains
  3 harpies (Vaults:1)
  An obsidian statue (IceCv)
  9 ironbound convokers
  5 wizards
  8 lindwurms
  3 spriggan simulacra (IceCv)
  A deep elf archer (D:15)
  8 orc knights
  2 deep elf pyromancers
  3 orc sorcerers (Orc:2)
  24 ugly things
  A mana viper (Snake:1)
  10 salamanders
  2 will-o-the-wisps
  A fire giant skeleton (Vaults:3)
  5 guardian serpents
  9 black mambas
  8 vault sentinels
  2 elephants (Lair:6)
  9 naga magi
  2 cane toads (Lair:5)
  An unseen horror (D:13)
  2 orange demons (Swamp:4)
  2 freezing wraiths (IceCv)
  A tengu conjurer (D:14)
  2 ice devils (IceCv)
  An anaconda simulacrum (IceCv)
  41 yaktaurs
  A golden dragon simulacrum (IceCv)
  A wolf spider simulacrum (D:15)
  3 hornets (Swamp:1)
  2 tyrant leeches (Swamp:1)
  A queen bee (Lair:1)
  24 slime creatures
  A centaur simulacrum (D:15)
  4 ettin skeletons (Vaults:3)
  2 wyverns (D:11)
  8 yaks
  3 shadows
  3 humans (D:14)
  A hog (Lair:4)
  4 small abominations (Gauntlet)
  A human simulacrum (Vaults:1)
  16 nagas
  3 vampire mosquitoes
  5 swamp worms
  A warg (Orc:1)
  2 water moccasins
  8 orc warriors
  8 human skeletons
  4 centaurs
  A wolf (Lair:3)
  A boggart (D:14)
  A gnoll sergeant (D:11)
  A wyvern zombie (D:7)
  11 killer bees
  2 electric eels
  5 orc priests
  6 orc wizards
  2 hell rats (Lair:3)
  A gnoll (D:11)
  An adder (D:3)
  A white imp (Gauntlet)
  A dart slug (D:2)
  13 orcs
  An endoplasm (D:1)
  3 goblins
  A hobgoblin (D:3)
  3 training dummies (Snake:1)
  2 bats (D:1)
  5 frilled lizards
  A hobgoblin zombie (Ossuary)
  4 kobolds
  2 rats (D:1)
  A rat zombie (D:5)
531 creatures vanquished.

Vanquished Creatures (collateral kills)
  the Lernaean hydra (Swamp:4)
  Jorgrun (Swamp:3)
  Rupert (Lair:4)
  A tentacled monstrosity (Swamp:1)
  An Ice Fiend (IceCv)
  2 quicksilver dragons (Snake:4)
  Gastronok (D:10)
  The ghost of Fonlisut the Fencer, an adept MiCK of Gozag (Swamp:1)
  2 nagarajas
  Louise (Swamp:3)
  An ironbound preserver (Vaults:2)
  2 very ugly things (Vaults:2)
  3 eleionomae
  Azrael (Orc:2)
  3 bunyips
  5 dire elephants (Vaults:1)
  A dire elephant (shapeshifter) (D:15)
  A minotaur (Gauntlet)
  2 green deaths (Swamp:4)
  Josephine (Orc:2)
  A crystal guardian (Vaults:1)
  3 yaktaur captains
  9 naga warriors
  An ice dragon (Swamp:3)
  Harold (D:10)
  5 catoblepae
  2 salamander tyrants
  A death knight (D:15)
  5 anacondas
  4 boulder beetles
  2 demonspawn (Orc:2)
  11 hydras
  2 ghost crabs
  A peacekeeper (Vaults:3)
  2 two-headed ogres
  8 alligators
  10 death yaks
  The ghost of Vosurgha the Bewitcher, a journeyman FeEn of Gozag (Lair:4)
  2 centaur warriors
  A death yak (shapeshifter) (D:15)
  2 orc high priests (Orc:2)
  Urug (D:11)
  7 naga sharpshooters
  A shock serpent (Snake:3)
  3 skeletal warriors (D:15)
  3 large abominations (Swamp:4)
  5 salamander mystics
  6 goliath frogs
  3 deep trolls
  4 spriggan druids
  2 sea snakes (Snake:4)
  11 bog bodies
  2 harpies (Vaults:1)
  6 swamp dragons
  A necromancer (Vaults:1)
  3 naga ritualists
  3 orc knights
  A spriggan simulacrum (IceCv)
  10 mana vipers
  A shining eye (Gauntlet)
  11 ugly things
  6 orc sorcerers (Orc:2)
  An oklob plant (Lair:5)
  3 cyclopes
  9 salamanders
  2 manticores
  8 elephants
  2 will-o-the-wisps
  A rust devil (Orc:2)
  A stone giant skeleton (Vaults:1)
  4 guardian serpents (Snake:4)
  14 naga magi
  26 black mambas
  A torpor snail (Lair:6)
  An orange demon (Swamp:4)
  14 cane toads
  4 kobold demonologists (D:12)
  A rime drake (Lair:2)
  2 yaktaurs (Vaults:3)
  5 freezing wraiths (IceCv)
  2 ice devils
  9 komodo dragons
  An unseen horror (D:10)
  2 entropy weaver simulacra (IceCv)
  A golden dragon simulacrum (IceCv)
  3 hornets (Swamp:1)
  3 polar bears
  4 trolls
  3 tyrant leeches (Swamp:1)
  3 blink frogs (Lair:2)
  15 slime creatures
  2 dream sheep (Lair:6)
  2 water elementals (D:15)
  5 wyverns
  8 wraiths
  6 spriggans (Swamp:1)
  4 hogs (Lair:4)
  48 yaks
  13 humans (D:14)
  5 basilisks
  A minotaur simulacrum (IceCv)
  A chaos spawn (Orc:2)
  10 vampire mosquitoes
  3 fire elementals (Orc:2)
  A harpy simulacrum (IceCv)
  43 nagas
  12 swamp worms
  24 water moccasins
  A floating eye (Gauntlet)
  4 hell hounds (Orc:2)
  A meliai simulacrum (D:15)
  A swamp drake (Swamp:2)
  23 orc warriors
  2 sky beasts
  3 black bears
  2 necrophages
  3 boggarts (D:14)
  4 ogres
  10 wolves
  A phantom (D:4)
  6 centaurs
  3 kobold brigands
  17 bullfrogs
  A gnoll sergeant (D:9)
  A deep troll simulacrum (IceCv)
  4 scorpions
  A wyvern skeleton (D:4)
  13 killer bees
  A water moccasin skeleton (D:7)
  2 lindwurm simulacra (IceCv)
  2 howler monkeys
  4 centaur zombies
  A bullfrog zombie (D:6)
  3 hounds (D:6)
  24 orc priests
  4 bullfrog skeletons
  3 iguanas
  13 orc wizards
  2 hell rats (Lair:3)
  A killer bee zombie (D:8)
  A nameless horror (D:14)
  8 mummies (Ossuary)
  A howler monkey zombie (D:7)
  15 gnolls
  4 adders
  2 shadow imps (D:7)
  7 white imps
  An ufetubus (D:15)
  3 worms
  3 dart slugs
  76 orcs
  2 bat zombies (D:6)
  4 endoplasms
  4 giant cockroaches
  A gnoll zombie (Ossuary)
  7 goblins
  11 hobgoblins
  8 jackals
  4 quokkas
  5 ball pythons
  3 bats
  6 frilled lizards
  3 hobgoblin zombies (Ossuary)
  9 kobolds
  A kobold zombie (Ossuary)
  2 orc zombies (Ossuary)
  4 rats
  2 rat zombies
  A briar patch (Swamp:4)
888 creatures vanquished.

Vanquished Creatures (others)
  A thorn hunter (Swamp:4)
  An orc warlord (Orc:2)
  A very ugly thing (D:15)
  An ironbound thunderhulk (Vaults:1)
  Snorg (D:10)
  A boulder beetle (D:10)
  A catoblepas (Lair:6)
  A death yak (Lair:5)
  A tengu warrior (D:14)
  2 naga sharpshooters (Snake:3)
  A deep troll (Vaults:1)
  An orc knight (Orc:2)
  4 ugly things
  An orc sorcerer (Orc:2)
  A manticore (Lair:6)
  A cyclops (D:14)
  Maurice (D:10)
  4 gargoyles
  2 cane toads
  2 komodo dragons (Lair:6)
  A troll (D:12)
  A bloated husk (Swamp:4)
  2 slime creatures (D:15)
  A human (Lair:4)
  5 yaks
  Grum (D:9)
  A hog (Lair:4)
  A steam dragon (D:8)
  A naga (Snake:3)
  2 swamp worms
  2 acid dragons
  2 water moccasins
  3 orc warriors
  A swamp drake (Swamp:4)
  A black bear (D:7)
  3 centaurs
  A gnoll sergeant (D:9)
  6 killer bees
  An orc priest (D:5)
  An iguana (D:5)
  2 orc wizards
  2 gnolls (D:9)
  4 orcs
  A briar patch (Swamp:4)
  A bush (D:11)
  12 foxfires
  58 fungi
  86 plants
232 creatures vanquished.

Grand Total: 1651 creatures vanquished

Notes
Turn   | Place    | Note
-------+----------+-------------------------------------------
     0 | D:1      | Turgor the Felid Summoner began the quest for the Orb.
     0 | D:1      | Reached XP level 1. HP: 7/7 MP: 4/4
   372 | D:1      | Reached XP level 2. HP: 11/11 MP: 1/6
   438 | D:1      | Learned a level 2 spell: Call Imp
   730 | D:1      | Found a faded altar of an unknown god.
   737 | D:1      | Prayed at the altar of an unknown god.
   737 | D:1      | Became a worshipper of Lugonu the Unformed
   737 | D:1      | Reached * piety under Lugonu
   737 | D:1      | Reached ** piety under Lugonu
  1040 | D:1      | Reached skill level 1 in Fighting
  1040 | D:1      | Reached XP level 3. HP: 15/15 MP: 4/7
  1044 | D:1      | Learned a level 3 spell: Call Canine Familiar
  2020 | D:2      | Reached XP level 4. HP: 19/19 MP: 4/8
  2128 | D:2      | Reached skill level 5 in Summonings
  2178 | D:2      | Reached *** piety under Lugonu
  2853 | D:3      | Found a snail-covered altar of Cheibriados.
  3168 | D:3      | Found a glowing golden altar of the Shining One.
  3324 | D:3      | Reached XP level 5. HP: 22/22 MP: 10/10
  3328 | D:3      | Learned a level 3 spell: Summon Guardian Golem
  3365 | D:3      | Found a white marble altar of Elyvilon.
  3424 | D:3      | Found a broken altar of Ashenzari.
  3428 | D:3      | Saw a vision of the Swamp and the Snake Pit.
  3428 | D:3      | Noticed a goliath frog
  3428 | D:3      | Noticed an alligator
  3428 | D:3      | Noticed an alligator
  3428 | D:3      | Noticed a naga
  3428 | D:3      | Noticed a naga mage
  3428 | D:3      | Noticed a naga mage
  3428 | D:3      | Noticed a salamander
  3428 | D:3      | Noticed a naga
  3428 | D:3      | Noticed a naga mage
  3429 | D:3      | Noticed a guardian serpent
  3430 | D:3      | Noticed a naga ritualist
  3431 | D:3      | Noticed a naga ritualist
  3431 | D:3      | Noticed a black mamba
  3530 | D:4      | Noticed a phantom
  3565 | D:4      | Killed a phantom
  3861 | D:4      | Gained mutation: You are covered in thick fur. (AC +2)
                  | [Felid growth]
  3861 | D:4      | Reached XP level 6. HP: 27/27 MP: 11/11
  3936 | D:4      | Found a blossoming altar of Fedhas.
  4016 | D:4      | Found a basalt altar of Yredelemnul.
  4435 | D:4      | Reached XP level 7. HP: 31/31 MP: 9/13
  4517 | D:4      | Reached **** piety under Lugonu
  4589 | D:4      | Learned a level 4 spell: Summon Lightning Spire
  4632 | D:5      | Entered Level 5 of the Dungeon
  4743 | D:5      | Found a sand-covered staircase.
  4808 | Ossuary  | Entered an ossuary
  5098 | D:5      | Reached skill level 1 in Invocations
  5161 | D:5      | Reached XP level 8. HP: 33/36 MP: 15/15
  5600 | D:5      | Found Gyaveane's One-of-a-Kind Rings.
  6048 | D:6      | Reached skill level 5 in Spellcasting
  6132 | D:6      | Found Nisa's Armour Emporium.
  6332 | D:6      | Found a glowing silver altar of Zin.
  6337 | D:6      | Found a bloodstained altar of Trog.
  6340 | D:6      | Found a burning altar of Makhleb.
  6425 | D:6      | Found an ancient bone altar of Kikubaaqudgha.
  6685 | D:7      | Found a staircase to the Ecumenical Temple.
  7573 | D:7      | Identified the +9 trident of Conscience {distort, *Corrode
                  | rElec Str+8 Int+6}
  7600 | D:7      | Reached XP level 9. HP: 39/39 MP: 18/18
  7875 | D:8      | Found Hemiejoek's Magic Scroll Shop.
  7889 | D:8      | Reached ***** piety under Lugonu
  7897 | D:8      | Bought a scroll of teleportation for 33 gold pieces
  7897 | D:8      | Bought a scroll of teleportation for 33 gold pieces
  7897 | D:8      | Bought a scroll of teleportation for 33 gold pieces
  7897 | D:8      | Bought a scroll of blinking for 82 gold pieces
  7897 | D:8      | Bought a scroll of identify for 22 gold pieces
  7897 | D:8      | Bought a scroll of identify for 22 gold pieces
  7899 | D:8      | Bought a scroll of noise for 11 gold pieces
  8117 | D:8      | Identified the +1 robe "Piq Imum" {Contam Str+4 Dex+7}
  8152 | D:8      | Reached skill level 10 in Summonings
  8418 | D:8      | Reached skill level 1 in Hexes
  8490 | D:8      | Reached skill level 1 in Air Magic
  8721 | D:8      | Noticed a two-headed ogre
  8862 | D:8      | Killed a two-headed ogre
  9226 | D:8      | Found a shimmering blue altar of Sif Muna.
  9243 | D:9      | Noticed a kobold demonologist
  9243 | D:9      | Noticed a kobold demonologist
  9249 | D:8      | Noticed an ice devil
  9587 | D:9      | Noticed Grum
  9606 | D:9      | Killed Grum
  9626 | D:9      | Reached XP level 10. HP: 43/43 MP: 18/20
  9672 | D:9      | Learned a level 5 spell: Yara's Violent Unravelling
  9832 | D:9      | Reached skill level 1 in Transmutations
 10022 | D:9      | Found Gierez's Book Emporium.
 10042 | D:9      | Bought a book of the Earth for 396 gold pieces
 10262 | D:9      | Reached skill level 5 in Hexes
 10604 | D:9      | Noticed a cyan ugly thing
 10838 | D:10     | Entered Level 10 of the Dungeon
 10870 | D:10     | Noticed Snorg
 10890 | D:10     | Killed Snorg
 10891 | D:10     | Reached skill level 5 in Transmutations
 11222 | D:10     | Noticed a gargoyle
 11263 | D:10     | Killed a gargoyle
 11405 | D:10     | Noticed Harold
 11680 | D:10     | Found a stormy altar of Qazlal.
 11780 | D:10     | Noticed Gastronok
 11802 | D:10     | Killed Gastronok
 11803 | D:10     | Reached XP level 11. HP: 46/46 MP: 10/22
 11915 | D:10     | Noticed Maurice
 11916 | D:10     | Noticed Sonja
 11930 | D:10     | Killed Maurice
 11931 | D:10     | Reached skill level 10 in Hexes
 11954 | D:10     | Killed Sonja
 12464 | D:11     | Noticed a boulder beetle
 12562 | D:10     | HP: 1/46 [boulder beetle (15)]
 12965 | D:10     | Killed a boulder beetle
 13189 | D:10     | Upgraded the game from 0.28-a0-1213-g0243856f03 to
                  | 0.28-a0-1227-ga9037bb4c8
 13192 | D:11     | Noticed a centaur warrior
 13208 | D:11     | Noticed a boulder beetle
 13431 | D:11     | Noticed Urug
 13947 | D:11     | Found a staircase to the Orcish Mines.
 13954 | D:11     | Noticed a green ugly thing
 13986 | D:11     | Killed a green ugly thing
 14171 | D:11     | Shot with an arrow by a centaur warrior
 14172 | D:11     | Reached XP level 10. HP: -9/43 MP: 10/22
 14190 | D:11     | Found a staircase to the Lair.
 14229 | D:11     | Shot with an arrow by a centaur
 14230 | D:11     | Reached XP level 9. HP: 0/40 MP: 19/21
 14559 | D:11     | Killed a centaur warrior
 14560 | D:11     | Reached XP level 10. HP: 43/43 MP: 8/22
 14646 | D:11     | Killed a boulder beetle
 14765 | D:11     | Reached skill level 10 in Transmutations
 14996 | D:11     | Killed Urug
 15101 | D:12     | Noticed a seven-headed hydra
 15242 | Lair:1   | Entered Level 1 of the Lair of Beasts
 15489 | Lair:1   | Reached XP level 11. HP: 39/46 MP: 24/24
 15496 | Lair:1   | Learned a level 6 spell: Statue Form
 15868 | Lair:1   | Reached ****** piety under Lugonu
 16826 | Lair:2   | Reached skill level 5 in Fighting
 17548 | Lair:2   | Noticed a bog body
 17563 | Lair:2   | Killed a bog body
 17567 | Lair:2   | HP: 2/48 [cane toad (22)]
 17895 | Lair:2   | Reached skill level 5 in Air Magic
 18198 | Lair:2   | Found a staircase to the Swamp.
 18198 | Lair:2   | Noticed a bog body
 18245 | Lair:2   | Killed a bog body
 18255 | Lair:2   | Noticed a bog body
 18266 | Lair:2   | Killed a bog body
 18588 | Lair:3   | Gained mutation: Your thick and shaggy fur keeps you warm.
                  | (AC +3, rC+) [Felid growth]
 18588 | Lair:3   | Reached XP level 12. HP: 42/52 MP: 24/26
 18714 | Lair:3   | Noticed a seven-headed hydra
 18723 | Lair:3   | Killed a seven-headed hydra
 18810 | Lair:3   | Reached skill level 1 in Earth Magic
 19101 | Lair:3   | Learned a level 4 spell: Leda's Liquefaction
 19930 | Lair:4   | Learned a level 1 spell: Apportation
 19955 | Lair:4   | Found a runed translucent door.
 19955 | Lair:4   | Noticed Vosurgha's ghost (journeyman FeEn)
 20008 | Lair:4   | Killed Vosurgha's ghost
 20201 | Lair:4   | Found a staircase to the Snake Pit.
 20226 | Lair:4   | Noticed Kirke
 20242 | Lair:4   | Noticed a sphinx
 20243 | Lair:4   | Killed Kirke
 20763 | Lair:4   | Noticed Rupert
 20798 | Lair:4   | Killed Rupert
 21303 | Lair:5   | Reached XP level 13. HP: 57/57 MP: 9/27
 21723 | Lair:5   | Reached skill level 5 in Earth Magic
 22231 | Lair:6   | Entered Level 6 of the Lair of Beasts
 22299 | Lair:6   | Identified the +0 leather armour of Dawn {rC+ Str-5 Dex+4}
 22526 | Lair:6   | HP: 1/57 [cane toad (6)]
 22528 | Lair:6   | Killed from afar by a catoblepas
 22529 | Lair:6   | Reached XP level 12. HP: -7/54 MP: 25/26
 22529 | Lair:6   | Found a staircase to the Slime Pits.
 22529 | Lair:6   | Found a viscous altar of Jiyva.
 22529 | Lair:6   | Found a gate leading to a gauntlet.
 22534 | Gauntlet | Entered a Gauntlet
 22534 | Gauntlet | Noticed a hell hog
 22534 | Gauntlet | Found a transporter.
 22534 | Gauntlet | Found a transporter.
 22534 | Gauntlet | Found a transporter.
 22544 | Gauntlet | Found a transporter.
 22546 | Gauntlet | Found a large runed translucent door.
 22547 | Gauntlet | Found a large runed translucent door.
 22548 | Gauntlet | Found a large runed translucent door.
 22548 | Gauntlet | Found a large runed translucent door.
 22548 | Gauntlet | Found a runed translucent door.
 22548 | Gauntlet | Found a runed translucent door.
 22549 | Gauntlet | Found a large runed translucent door.
 22549 | Gauntlet | Found a large runed translucent door.
 22549 | Gauntlet | Found a large runed translucent door.
 22549 | Gauntlet | Found a large runed translucent door.
 22550 | Gauntlet | Found a large runed translucent door.
 22551 | Gauntlet | Found a transporter.
 22551 | Gauntlet | Found a large runed translucent door.
 22552 | Gauntlet | Found a large runed translucent door.
 22552 | Gauntlet | Found a large runed translucent door.
 22553 | Gauntlet | Found a large runed translucent door.
 22553 | Gauntlet | Found a large runed translucent door.
 22553 | Gauntlet | Found a large runed translucent door.
 22555 | Gauntlet | Found a runed translucent gate.
 22555 | Gauntlet | Found a runed translucent gate.
 22555 | Gauntlet | Found a runed translucent gate.
 22557 | Gauntlet | Found a transporter.
 22562 | Gauntlet | Noticed a catoblepas
 22568 | Gauntlet | Found a large runed translucent door.
 22572 | Gauntlet | Found a transporter.
 22586 | Gauntlet | Found a transporter.
 22601 | Gauntlet | Found a transporter.
 22609 | Gauntlet | Found a transporter.
 22622 | Gauntlet | Found a transporter.
 22625 | Gauntlet | Noticed a hell beast
 22652 | Gauntlet | Found a transporter.
 22854 | Gauntlet | Killed a catoblepas
 22862 | Gauntlet | Identified the ring "Reratt" {Wiz Dex+6}
 22926 | Gauntlet | Paralysed by a floating eye for 4 turns
 22940 | Gauntlet | Reached skill level 10 in Spellcasting
 22963 | Gauntlet | Noticed a minotaur
 22980 | Gauntlet | Killed a minotaur
 23030 | Gauntlet | Got the Collected Works on Companions
 23041 | Gauntlet | Learned a level 6 spell: Summon Cactus Giant
 23102 | Lair:6   | Noticed a death yak
 23106 | Lair:6   | Noticed a death yak
 23106 | Lair:6   | Noticed a death yak
 23106 | Lair:6   | Noticed a death yak
 23108 | Lair:6   | Noticed a death yak
 23108 | Lair:6   | Noticed a death yak
 23109 | Lair:6   | Noticed a death yak
 23110 | Lair:6   | Noticed a death yak
 23111 | Lair:6   | Noticed a death yak
 23136 | Lair:6   | Noticed a death yak
 23202 | Lair:5   | Killed a death yak
 23202 | Lair:5   | Killed a death yak
 23203 | Lair:5   | Reached XP level 13. HP: 15/58 MP: 18/28
 25111 | D:10     | Killed Harold
 25182 | Orc:1    | Entered Level 1 of the Orcish Mines
 25319 | Orc:2    | Entered Level 2 of the Orcish Mines
 25319 | Orc:2    | Noticed Josephine
 25319 | Orc:2    | Noticed an orc warlord
 25319 | Orc:2    | Found a staircase to the Elven Halls.
 25421 | Orc:2    | Killed Josephine
 25422 | Orc:2    | Reached XP level 14. HP: 63/63 MP: 17/29
 25715 | Orc:2    | Noticed Azrael
 25739 | Orc:2    | Killed Azrael
 25918 | Orc:2    | Killed an orc warlord
 25955 | Orc:2    | Found Wavohipn's Magic Scroll Boutique.
 25974 | Orc:2    | Found Cimeoddyicw's Magic Scroll Shop.
 26008 | Orc:2    | Bought a scroll of fog for 24 gold pieces
 26008 | Orc:2    | Bought a scroll of identify for 24 gold pieces
 26008 | Orc:2    | Bought a scroll of identify for 24 gold pieces
 26008 | Orc:2    | Bought a scroll of identify for 24 gold pieces
 26014 | Orc:2    | Bought a scroll of identify for 30 gold pieces
 26014 | Orc:2    | Bought a scroll of identify for 30 gold pieces
 26014 | Orc:2    | Bought a scroll of identify for 30 gold pieces
 26016 | Orc:2    | Identified a scroll of acquirement
 26017 | Orc:2    | Acquired the ring of Foniemah {Contam Fly rPois rC++ Str+9}
 27460 | Orc:2    | Found Seum's Book Emporium.
 27460 | Orc:2    | Found Vaoxuc's Antique Weapon Shoppe.
 27461 | Orc:2    | Found a one-way gate leading to the halls of Pandemonium.
 27463 | Orc:2    | Bought Siunuunu's Tome of Warped Heat for 420 gold pieces
 27463 | Orc:2    | Bought a Grand Grimoire for 476 gold pieces
 27576 | Orc:1    | Found Guonnuoc's Distillery.
 28294 | Orc:1    | Bought a potion of cancellation for 104 gold pieces
 28687 | D:12     | Found a transporter.
 28694 | D:12     | Found a transporter.
 28697 | D:12     | Identified the ring "Ogeinuco" {Ice Str+4}
 29066 | D:12     | Reached skill level 1 in Evocations
 29323 | D:13     | Found the +3 giant club "Skullcrusher" {speed, Str+7}
 29875 | D:14     | Noticed Nessos
 29875 | D:14     | Found a gate to the Vaults.
 30113 | D:14     | Killed Nessos
 30181 | D:14     | Reached skill level 5 in Dodging
 30258 | D:14     | Reached XP level 15. HP: 68/68 MP: 24/31
 30377 | D:14     | Reached skill level 10 in Earth Magic
 31445 | D:15     | Entered Level 15 of the Dungeon
 31471 | D:15     | Found a blossoming altar of Fedhas.
 31790 | D:15     | Reached skill level 5 in Invocations
 31919 | D:15     | Reached skill level 10 in Fighting
 32566 | D:15     | Found a staircase to the Depths.
 32897 | D:15     | Learned a level 5 spell: Manifold Assault
 33094 | Snake:1  | Entered Level 1 of the Snake Pit
 33105 | Snake:1  | Reached skill level 1 in Translocations
 33896 | Snake:1  | Reached XP level 16. HP: 73/73 MP: 27/32
 34097 | Snake:1  | Reached skill level 5 in Translocations
 34257 | Snake:1  | Found Ideut's Firing Range.
 34582 | Snake:2  | Found Xebb's Gadget Gallery.
 34599 | Snake:2  | Reached skill level 1 in Unarmed Combat
 34656 | Snake:2  | Bought a wand of digging (4) for 192 gold pieces
 35156 | Snake:2  | Found a runed translucent gate.
 35157 | Snake:2  | Found a runed translucent gate.
 35157 | Snake:2  | Found a runed translucent gate.
 35158 | Snake:2  | Noticed wilfster70's ghost (adept DjCj)
 35158 | Snake:2  | Noticed Turgor's ghost (journeyman FeSu)
 35739 | Snake:2  | Acquired the Volume of the Entourage and Moulding
 36199 | Snake:3  | Found Unnoelur's Magic Scroll Shop.
 37287 | Snake:3  | Learned a level 5 spell: Summon Mana Viper
 37305 | Snake:4  | Entered Level 4 of the Snake Pit
 37577 | Snake:4  | Found Wybado's Distillery.
 37578 | Snake:4  | Found Homau's Jewellery Emporium.
 37580 | Snake:4  | Bought 2 potions of haste for 300 gold pieces
 37661 | Snake:4  | Reached skill level 10 in Translocations
 38215 | Snake:4  | Reached XP level 17. HP: 78/78 MP: 25/34
 38253 | Snake:4  | Reached skill level 15 in Hexes
 38355 | Snake:4  | Reached skill level 15 in Transmutations
 38795 | Snake:4  | Identified the +4 chain mail of the Will of the Gods
                  | {Rampage}
 39525 | Snake:4  | Reached skill level 5 in Unarmed Combat
 39753 | Snake:4  | Noticed a quicksilver dragon
 39753 | Snake:4  | Noticed a quicksilver dragon
 39980 | Snake:4  | Killed a quicksilver dragon
 40027 | Snake:4  | Killed a quicksilver dragon
 40190 | Snake:4  | Got a serpentine rune of Zot
 40353 | Swamp:1  | Entered Level 1 of the Swamp
 40496 | Swamp:1  | Found a runed translucent door.
 40498 | Swamp:1  | Noticed a tentacled monstrosity
 40498 | Swamp:1  | Noticed Fonlisut's ghost (adept MiCK)
 41082 | Swamp:1  | Noticed Aizul
 42384 | Swamp:3  | Noticed Louise
 42401 | Swamp:3  | Killed Louise
 42461 | Swamp:3  | Found a frozen archway.
 42551 | IceCv    | Entered an ice cave
 42771 | IceCv    | Identified the +1 pair of boots of Resilience {rElec rCorr
                  | Slay-3 Stlth+}
 42791 | IceCv    | Reached XP level 18. HP: 84/84 MP: 28/36
 42912 | IceCv    | Upgraded the game from 0.28-a0-1227-ga9037bb4c8 to
                  | 0.28-a0-1234-g826d19b2e0
 43299 | IceCv    | Noticed an Ice Fiend
 43310 | IceCv    | Killed an Ice Fiend
 43329 | IceCv    | Noticed an Ice Fiend
 43345 | IceCv    | Killed an Ice Fiend
 43546 | Swamp:3  | Noticed Mara
 43571 | Swamp:3  | Noticed Jorgrun
 43575 | Swamp:3  | Killed Mara
 43867 | Swamp:3  | Killed Jorgrun
 43971 | Swamp:3  | Learned a level 7 spell: Storm Form
 44228 | Swamp:3  | Found a sacrificial altar of Ru.
 44381 | Swamp:4  | Entered Level 4 of the Swamp
 45890 | Swamp:4  | Noticed the 27-headed Lernaean hydra
 45894 | Swamp:4  | Killed the 27-headed Lernaean hydra
 45956 | Swamp:4  | Got a decaying rune of Zot
 46157 | Swamp:1  | Killed Aizul
 46305 | Swamp:1  | Killed a tentacled monstrosity
 46456 | Swamp:1  | Killed Fonlisut's ghost
 46693 | Vaults:1 | Entered Level 1 of the Vaults
 46989 | Vaults:1 | Noticed Nikola
 46999 | Vaults:1 | Killed Nikola
 47479 | Vaults:1 | Reached XP level 19. HP: 88/88 MP: 38/38
 47669 | Vaults:1 | Reached skill level 10 in Air Magic
 49637 | Vaults:1 | Identified the +4 robe of Dogma {Str+3}
 50583 | Vaults:2 | Reached skill level 15 in Spellcasting
 50685 | Vaults:2 | Noticed Frederick
 50699 | Vaults:2 | Killed Frederick
 50767 | Vaults:2 | Noticed Mennas
 51174 | Vaults:2 | Found Dalattat's Antique Armour Shop.
 51463 | Vaults:2 | Identified the +1 robe of Dithmenos's Hatred {Harm rF+
                  | Int-5}
 52813 | Vaults:2 | Noticed Jory
 52833 | Vaults:2 | Killed Jory
 53019 | Vaults:3 | Found a flickering gateway to a bazaar.
 53039 | Bazaar   | Entered a bazaar
 53046 | Bazaar   | Found Utomih's Antique Weapon Shop.
 53050 | Bazaar   | Found Timitir's Distillery.
 53063 | Bazaar   | Found Dirunex's Armour Emporium.
 53073 | Bazaar   | Found Wiminuh's Book Emporium.
 53099 | Bazaar   | Bought a potion of heal wounds for 65 gold pieces
 53099 | Bazaar   | Bought a potion of mutation for 104 gold pieces
 53099 | Bazaar   | Bought a potion of magic for 104 gold pieces
 53099 | Bazaar   | Bought a potion of haste for 130 gold pieces
 53099 | Bazaar   | Bought 2 potions of curing for 78 gold pieces
 53099 | Bazaar   | Bought 2 potions of curing for 78 gold pieces
 53099 | Bazaar   | Bought a potion of curing for 39 gold pieces
 53099 | Bazaar   | Bought a potion of haste for 130 gold pieces
 53118 | Bazaar   | Bought Fydwobb's Tome of Mutagenic Snow for 330 gold pieces
 54046 | Vaults:3 | Reached XP level 20. HP: 92/92 MP: 30/40
 54363 | Vaults:3 | Killed from afar by a war gargoyle
 54364 | Vaults:3 | Reached XP level 19. HP: -19/88 MP: 39/39
 55140 | Vaults:3 | Found a staircase to the Crypt.
 55896 | Vaults:3 | HP: 4/88 [lindwurm/blast of flame (37)]
 56720 | Vaults:3 | Slain by an ironbound frostheart
 56721 | Vaults:3 | Reached XP level 18. HP: -2/85 MP: 39/39
 57341 | Vaults:3 | Shot with an arrow by a centaur warrior

Illustrated notes

Levels and vault maps discovered:
D:1:      psy_arrival_fountain, layout_loops_corners,
          dreamdust_ecumenical_altar_hidden_monk_grotto
D:2:      layout_loops_ring, roderic_serpentine_path, dk_vineyard_1,
          hangedman_decor_growths
D:3:      layout_loops_ring, mainiacjoe_overflow_alcove_1, tso_altar,
          kennysheep_slug_shrine, grunt_ashenzari_visionary
          [grunt_ashenzari_visionary_swamp, grunt_ashenzari_visionary_snake],
          st_stairs_3
D:4:      layout_cave_pools, amcnicky_altar_gilded, mainiacjoe_overflow_catwalk,
          kennysheep_dice
D:5:      layout_loops_ring, enter_ossuary_4, nicolae_shop_unique_rings
D:6:      layout_rooms, lemuel_zombie_altar_kikubaaqudgha, minitemple,
          serial_shops, shop, nrook_mini_vaults
D:7:      layout_cave_pools, minmay_temple_entry_sparse_star
D:8:      layout_basic, lemuel_blue_sif_altar, serial_shops, shop
D:9:      layout_basic, serial_shops, shop_statue, lightli_corner_chamber,
          uniq_grum
D:10:     layout_roguey, nicolae_qazlal_general_emergency, serial_corexii_hall,
          corexii_hall_statues_deadend, corexii_hall_statues_x,
          grunt_ministairs_7, minmay_misc_feat_iff, uniq_maurice, uniq_snorg,
          uniq_sonja, uniq_gastronok, uniq_harold
D:11:     layout_big_octagon, minmay_lair_entry_grove, orc_0_dummy, uniq_urug
D:12:     gammafunk_beogh_shrine, layout_small_grid, amcnicky_mini_pool_small
D:13:     layout_loops_ring
D:14:     layout_layer_cave, david_vaults_3, hangedman_abyss_or_decor_stagger
D:15:     gammafunk_enter_depths_forms, layout_stronghold, serial_ice,
          serial_ice_c, serial_ice_b, serial_ice_e, serial_ice_j, fedhas_altar_3
Lair:1:   layout_hall_layers, special_room [special_room_bee], minmay_holes
Lair:2:   layout_regular_city, nicolae_swamp_entry_splash_gauntlet
Lair:3:   layout_cellular_growth, serial_forest, infiniplex_forest_join,
          infiniplex_forest_clump_medium, infiniplex_forest_corner_1,
          infiniplex_forest_join, infiniplex_forest_clump_tiny
Lair:4:   layout_cave_pods, minmay_snake_entry_six_corridors,
          hellmonk_ghost_happy_afterlife, uniq_rupert, uniq_kirke
Lair:5:   layout_regular_city
Lair:6:   evilmike_catoblepas_cave, layout_misc_corridors, slime_altar_1,
          gauntlet_entry_generic, st_stairs_10
Swamp:1:  layout_basic_swamp, ebering_ghost_inner_flame,
          evilmike_swamp_ruin_rubble_1, uniq_aizul
Swamp:2:  layout_basic_swamp, evilmike_swamp_ruin_rubble_2, swamp_pool3,
          infiniplex_staircase_pool
Swamp:3:  layout_basic_swamp, portal_ice_cave_entry_dragon,
          evilmike_swamp_ruin_house_4, swamp_pool1, nicolae_swamp_godswood,
          uniq_louise, uniq_mara, uniq_jorgrun
Swamp:4:  swamp_vile, layout_basic_swamp
Snake:1:  layout_misc_corridors, special_room, nicolae_shop_firing_range
Snake:2:  layout_chambers, gammafunk_ghost_cemetery, nicolae_shop_gadgets
Snake:3:  layout_honeycomb, serial_shops, nicolae_shop_behind_doors,
          hangedman_corner_corridor
Snake:4:  hellmonk_snake_rune_quicksilver_temple, layout_grid_shapes,
          minmay_shoptagon, serial_bayou_shore_a, lemuel_fruit_tree
Orc:1:    layout_caves, basic_altar, serial_shops, shop
Orc:2:    pf_orc_diabolical, layout_caves, uniq_azrael, uniq_josephine
Vaults:1: v_misc_16, v_misc_25, v_misc_29, nicolae_vaults_big_ls,
          hangedman_vaults_hat, v_misc_27, ontoclasm_vaults_decontamination,
          nicolae_vaults_theta, st_check, layout_vaults_omnigrid, uniq_nikola
Vaults:2: ontoclasm_vaults_chip, ontoclasm_vaults_ligature,
          ontoclasm_vaults_spin, vaults_room_pool, grunt_vaults_diagonal,
          v_misc_13, nicolae_vaults_yaktaur_gun_rack,
          nicolae_vaults_little_squares_4, layout_vaults_omnicross,
          serial_shops, shop, uniq_frederick, uniq_mennas, uniq_jory
Vaults:3: vaults_room_corners, minmay_crypt_entry_skeletal_spiral, v_misc_33,
          nicolae_vaults_angled_halls, hangedman_vaults_impose,
          nicolae_vaults_mini_display_case, hangedman_vaults_stagger,
          hangedman_vaults_stitches, vaults_room_octagon, v_misc_12,
          nicolae_vaults_little_squares_4, nicolae_vaults_specimen_jars,
          v_misc_15, vaults_dpeg_ring, nicolae_vaults_branching_niches,
          nicolae_vaults_little_squares_4, hangedman_vaults_stretched_pinwheel,
          layout_vaults_omnibox, serial_shops, bzr_entry_customers

Skill      XL: |  1  2  3  4  5  6  7  8  9 10 11 12 13 14 15 16 17 18 19 |
---------------+----------------------------------------------------------+-----
Fighting       | 1 2 3 4 5 8 7 9 10 11 12 | 12.7
Summonings     | 5 6 7 9 10 11 12 13 | 13.0
Spellcasting   | 3 4 5 6 8 9 10 11 12 13 14 16 | 16.0
Invocations    | 1 3 4 6 7 8 |  8.0
Hexes          | 3 9 12 13 14 15 16 | 16.0
Dodging        | 4 5 6 8 9 |  9.6
Air Magic      | 3 4 5 6 9 14 | 14.5
Transmutations | 10 12 13 14 15 16 | 16.4
Earth Magic    | 6 8 9 10 | 10.0
Stealth        | 3 4 |  4.0
Evocations     | 1 3 |  3.0
Translocations | 4 10 13 14 | 14.9
Unarmed Combat | 4 6 7 |  7.0

Action                   |  1- 3 |  4- 6 |  7- 9 | 10-12 | 13-15 | 16-18 | 19-21 || total
-------------------------+-------+-------+-------+-------+-------+-------+-------++-------
Melee: Unarmed           |    34 |    37 |    27 |    80 |   156 |   539 |   817 ||  1690
       Bite              |     1 |     1 |     1 |    12 |    31 |    50 |     9 ||   105
       Punch             |       |       |       |       |       |     8 |    22 ||    30
 Cast: Summon Small Mamm |    25 |    16 |    38 |    27 |     4 |       |     1 ||   111
       Call Imp          |    16 |     7 |    32 |    13 |     1 |       |       ||    69
       Call Canine Famil |     4 |    19 |    50 |   112 |   110 |    56 |       ||   351
       Summon Guardian G |       |       |    19 |   104 |    54 |     9 |     2 ||   188
       Yara's Violent Un |       |       |     2 |    51 |    53 |    50 |     9 ||   165
       Summon Lightning  |       |       |     1 |    82 |   127 |    87 |    11 ||   308
       Statue Form       |       |       |       |     8 |    87 |   200 |    13 ||   308
       Summon Cactus Gia |       |       |       |       |   114 |   178 |    16 ||   308
       Summon Mana Viper |       |       |       |       |       |   122 |    10 ||   132
       Manifold Assault  |       |       |       |       |       |   107 |   228 ||   335
       Storm Form        |       |       |       |       |       |    13 |    82 ||    95
Invok: Bend Space        |       |       |       |     7 |    17 |    12 |    12 ||    48
       Banish            |       |       |       |       |       |     2 |       ||     2
 Abil: End Transformatio |       |       |       |     1 |     9 |     5 |     6 ||    21
       Blinkbolt         |       |       |       |       |       |     4 |    18 ||    22
Evoke: Wand              |       |       |     1 |    11 |     9 |    11 |     3 ||    35
       Piece from Xom's  |       |       |     1 |    10 |    10 |     4 |       ||    25
       Condenser vane    |       |       |       |       |     1 |     4 |     2 ||     7
       Lightning rod     |       |       |       |       |       |     2 |       ||     2
       Phantom mirror    |       |       |       |       |       |     4 |     2 ||     6
  Use: Scroll            |       |     2 |     6 |    12 |    16 |    12 |     9 ||    57
       Potion            |       |       |     1 |     3 |       |     7 |     1 ||    12
 Stab: Sleeping          |     4 |     1 |     1 |       |     1 |     1 |     2 ||    10
       Distracted        |       |     1 |       |       |     6 |     8 |       ||    15
       Paralysed         |       |       |       |       |       |     1 |       ||     1
Armor: Skin              |     2 |     3 |     2 |    50 |   152 |   258 |    77 ||   544
Dodge: Dodged            |    36 |    37 |    37 |   205 |   379 |   796 |   533 ||  2023

Table legend: (Time is in decaauts)
 A = Elapsed time spent in this place.
 B = Non-inter-level travel time spent in this place.
 C = Inter-level travel time spent in this place.
 D = Time resting spent in this place.
 E = Time spent auto-exploring this place.
 F = Levels seen in this place.
 G = Mean time per level.
                   A        B        C        D        E       F      G
               +--------+--------+--------+--------+--------+-----+--------+
         Total |  59653 |  57514 |   2139 |  18997 |  12696 |  38 | 1569.8 |
       Dungeon |  19353 |  18270 |   1083 |   5465 |   6096 |  15 | 1290.2 |
          Lair |   9009 |   8610 |    399 |   2325 |   3501 |   6 | 1501.5 |
         Swamp |   6473 |   6192 |    281 |   2105 |    569 |   4 | 1618.2 |
     Snake Pit |   8923 |   8718 |    205 |   2724 |   1833 |   4 | 2230.8 |
  Orcish Mines |   3340 |   3293 |     47 |   1202 |    374 |   2 | 1670.0 |
        Vaults |  10195 |  10074 |    121 |   4315 |    320 |   3 | 3398.3 |
        Bazaar |    177 |    177 |      0 |     86 |      0 |   1 |  177.0 |
       Ossuary |    235 |    235 |      0 |      0 |      0 |   1 |  235.0 |
      Ice Cave |   1313 |   1313 |      0 |    659 |      0 |   1 | 1313.0 |
      Gauntlet |    630 |    630 |      0 |    112 |      0 |   1 |  630.0 |
               +--------+--------+--------+--------+--------+-----+--------+

Top non-repeatable levels by time:
Vaults:1: 3893 daAuts
Vaults:3: 3237 daAuts
Vaults:2: 3064 daAuts
 Snake:4: 2918 daAuts
   Orc:2: 2650 daAuts
 Snake:3: 2497 daAuts
    D:10: 2370 daAuts
    D:14: 2251 daAuts
 Swamp:1: 2060 daAuts
 Snake:2: 2010 daAuts
 Swamp:4: 1882 daAuts
    D:15: 1874 daAuts
  Lair:5: 1747 daAuts
  Lair:2: 1731 daAuts
    D:11: 1727 daAuts
